 Dungeon Crawl Stone Soup version 0.19-b1-5-gdc9fa9d (webtiles) character file.

9090 aggelon the Skirmisher (level 11, 0/109 HPs)
             Began as a Troll Berserker on Oct 30, 2016.
             Was a High Priest of Trog.
             Slain by a hill giant
             ... wielding a +0 giant club
              (35 damage)
             ... on level 1 of the Orcish Mines on Oct 31, 2016.
             The game lasted 03:30:32 (13031 turns).

aggelon the Skirmisher (Troll Berserker)           Turns: 13031, Time: 03:30:33

Health: 0/109      AC:  7    Str: 30    XL:     11   Next: 18%
Magic:  10/10      EV: 13    Int:  3    God:    Trog [*****.]
Gold:   698        SH:  0    Dex: 14    Spells: 0 memorised, 10 levels left

rFire  . . .     SeeInvis .     b - +3 war axe of No More Talking {chop, MR+ Dex+2}
rCold  . . .     Gourm    +     e - +1 animal skin
rNeg   . . .     Faith    +     (no shield)
rPois  .         Spirit   .     (helmet restricted)
rElec  .         Reflect  .     m - +0 cloak
rCorr  .         Harm     .     (gloves unavailable)
MR     ++...                    (boots unavailable)
Stlth  ++........               y - amulet of faith
                                x - +3 ring of strength
                                n - ring of protection from magic

@: no status effects
A: unfitting armour, claws 3, fast metabolism 3, gourmand, regeneration 1,
shaggy fur 1, tough skin 2
a: Berserk, Trog's Hand, Brothers in Arms, Burn Spellbooks, Renounce Religion


You were on level 1 of the Orcish Mines.
You worshipped Trog.
Trog was extremely pleased with you.
You were not hungry.

You visited 3 branches of the dungeon, and saw 12 of its levels.
You also visited: Sewer.

You collected 1068 gold pieces.
You spent 370 gold pieces at shops.

Inventory:

Hand Weapons
 a - a +0 arbalest
 b - the +3 war axe of No More Talking (weapon) {chop, MR+ Dex+2}
   (You found it on level 7 of the Dungeon)

   It inflicts extra damage upon your enemies.
   It affects your dexterity (+2).
   It affects your resistance to hostile enchantments.
 q - a +1 short sword of protection
 v - a +1 hunting sling
 E - a +0 shortbow
 J - a cursed -1 hand axe
 M - a +2 hunting sling of flaming
Missiles
 d - 140 arrows
 i - 47 sling bullets
 k - 270 stones (quivered)
 w - 41 bolts
 H - 5 tomahawks of returning
Armour
 e - a +1 animal skin (worn)
 m - a +0 cloak (worn)
 s - a +0 shield
Jewellery
 n - a ring of protection from magic (left claw)
 r - an uncursed ring of magical power {unknown}
 t - an uncursed ring of resist corrosion
 x - a +3 ring of strength (right claw)
 y - an amulet of faith (around neck)
 G - an uncursed ring of flight {unknown}
 I - the ring "Fanes" {rF+ Dex+4, unknown}
   (You found it on level 8 of the Dungeon)

   [ring of protection from fire]

   It affects your dexterity (+4).
   It protects you from fire.
 N - an uncursed ring of flight {unknown}
Wands
 c - a wand of random effects (22/48)
 z - a wand of acid (3/15)
 B - a wand of confusion (22/48)
 C - a wand of confusion (18/48)
 D - a wand of polymorph (3/24)
 K - a wand of acid (7/15)
 O - a wand of slowing (21/48)
Scrolls
 l - 4 scrolls of recharging
 u - 4 scrolls of remove curse
Potions
 h - 9 potions of curing
 o - 2 potions of flight
 F - 2 potions of lignification
Comestibles
 f - 7 meat rations
 g - 7 beef jerkies
 j - 7 bread rations
 A - 5 chunks of flesh
 L - a slice of pizza


   Skills:
 + Level 7.0 Fighting
 + Level 5.0 Short Blades
 + Level 6.8 Axes
 + Level 3.0(3.2) Slings
 + Level 6.0 Crossbows
 + Level 1.9(3.2) Throwing
 + Level 5.7 Dodging
 + Level 1.3 Stealth


You had 10 spell levels left.
You didn't know any spells.

Dungeon Overview and Level Annotations

Branches:
Dungeon (9/15)             Temple (0/1) D:5            Lair (1/6) D:8
    Orc (2/2) D:9
    Elf: Orc:2

Altars:
Cheibriados
Dithmenos
Elyvilon
Fedhas
Gozag
Kikubaaqudgha
Makhleb
Ru
Sif Muna
Trog
Uskayaw
Vehumet
Xom

Shops:
D:4 (   D:7 [   Orc:1 }

Annotations:
D:5 1 runed door, exclusion: 2 doors


Innate Abilities, Weirdness & Mutations

You are too large for most types of armour.
You have claws for hands.
Your metabolism is lightning-fast.
You like to eat raw meat.
Your natural rate of healing is unusually fast.
You are covered in fur. (AC +1)
You have very tough skin. (AC +2)


Message History

The hill giant closely misses you.
You slash the hill giant!
The hill giant is heavily wounded.
The hill giant hits you with a giant club!!
You feel the effects of Trog's Hand fading.
You slash the hill giant!
The hill giant is severely wounded.
The hill giant hits you with a giant club!!
Your skin stops crawling.
You feel less resistant to hostile enchantments.
You slash the hill giant!
The hill giant is almost dead.
The hill giant hits you with a giant club!!
You hit the hill giant.
The hill giant is almost dead.
The hill giant hits you with a giant club!!
* * * LOW HITPOINT WARNING * * *
You feel much better.
The hill giant hits you with a giant club!!
You die...

##..........#.....###.......
##.#..............###......
####............#.....#..#.#.#
##.#.............##........####
#......#......[...........##
##.#......)..)#..##........##
##.##...#.>....)...#.........#
##.......#.).........#.......##
#.......#......C@............#
......##...........)........##
.#......................#.###
......#...#............####
.......#.##.........#...##
.#......#.........##.....##
............#......##.....#
.............#....####...##
...#.##..........## #...##


You could see a hill giant.

Vanquished Creatures
  A dancing weapon (Orc:2)
  Pikel (D:4)
  An orc knight (D:9)
  An orc sorcerer (D:9)
  2 trolls
  2 two-headed ogres
  Grinder (D:4)
  2 hippogriffs (D:8)
  Sigmund (D:4)
  Eustachio (D:6)
  A hungry ghost (D:8)
  Menkaure (D:7)
  Duvessa (D:6)
  2 hell hounds (D:8)
  A water moccasin (Lair:1)
  2 slaves (D:4)
  A phantom (D:9)
  8 orc warriors
  2 ice beasts
  A swamp drake (D:9)
  A necrophage (D:6)
  6 ogres
  2 centaurs
  2 big kobolds
  3 bullfrogs
  2 gnoll sergeants (D:9)
  A scorpion (D:5)
  A killer bee (D:5)
  Dowan (D:6)
  5 wights (D:7)
  2 howler monkeys
  5 crimson imps
  A centaur zombie (D:5)
  2 bullfrog zombies
  4 hounds
  4 jellies
  A gnoll shaman (D:9)
  7 orc priests
  Ijyb (D:3)
  A centaur skeleton (D:9)
  An iguana (D:6)
  14 orc wizards
  Natasha (D:3)
  5 hell rats
  10 worker ants
  12 gnolls (D:9)
  5 river rats
  9 adders
  3 shadow imps
  An adder skeleton (D:6)
  3 worms
  2 dart slugs
  7 leopard geckos
  54 orcs
  10 giant cockroaches
  8 goblins
  5 hobgoblins
  13 jackals
  4 quokkas
  3 ball pythons (D:3)
  6 bats
  6 frilled lizards
  22 kobolds
  A leopard gecko skeleton (D:8)
  A leopard gecko zombie (D:1)
  2 quokka zombies
  24 rats
317 creatures vanquished.

Vanquished Creatures (collateral kills)
  A troll (Orc:1)
1 creature vanquished.

Grand Total: 318 creatures vanquished

Notes
Turn   | Place    | Note
-------+----------+-------------------------------------------
     0 | D:1      | aggelon the Troll Berserker began the quest for the Orb.
     0 | D:1      | Reached XP level 1. HP: 22/22 MP: 0/0
   240 | D:1      | Reached XP level 2. HP: 29/29 MP: 1/1
   881 | D:2      | Reached XP level 3. HP: 36/36 MP: 2/2
   958 | D:2      | Found a shimmering altar of Xom.
  1258 | D:2      | Reached ** piety under Trog
  1338 | D:2      | Found a blossoming altar of Fedhas.
  1342 | D:2      | Found an opulent altar of Gozag.
  1342 | D:2      | Found a shadowy altar of Dithmenos.
  1345 | D:2      | Found a hide-covered altar of Uskayaw.
  1527 | D:2      | Found a snail-covered altar of Cheibriados.
  1527 | D:2      | Found a radiant altar of Vehumet.
  1746 | D:3      | Reached XP level 4. HP: 36/44 MP: 3/3
  1913 | D:3      | Reached *** piety under Trog
  2019 | D:3      | Reached skill level 3 in Fighting
  2221 | D:3      | Found a glowing drain.
  2240 | Sewer    | Entered a sewer
  2246 | Sewer    | Reached skill level 1 in Slings
  2255 | Sewer    | Reached XP level 5. HP: 17/53 MP: 4/4
  2549 | Sewer    | Found a white marble altar of Elyvilon.
  2668 | D:3      | Noticed Ijyb
  2685 | D:3      | Killed Ijyb
  2721 | D:3      | Reached XP level 6. HP: 61/61 MP: 5/5
  2752 | D:3      | Noticed Natasha
  2764 | D:3      | Killed Natasha
  3047 | D:4      | Noticed Pikel
  3047 | D:4      | Noticed a slave
  3047 | D:4      | Noticed a slave
  3047 | D:4      | Noticed a slave
  3047 | D:4      | Noticed a slave
  3094 | D:4      | Noticed Sigmund
  3161 | D:4      | Killed Sigmund
  3161 | D:4      | Reached skill level 1 in Throwing
  3237 | D:4      | Found Obivys's Weapon Shop.
  3243 | D:4      | Bought a +0 quarterstaff for 48 gold pieces
  3430 | D:4      | Killed a slave
  3466 | D:4      | Reached XP level 7. HP: 68/68 MP: 6/6
  3489 | D:4      | Noticed Grinder
  3644 | D:4      | Paralysed by Grinder for 4 turns
  3656 | D:4      | Killed Grinder
  3656 | D:4      | Reached skill level 4 in Fighting
  3656 | D:4      | Reached skill level 1 in Short Blades
  3925 | D:4      | Killed Pikel
  3925 | D:4      | Reached XP level 8. HP: 74/79 MP: 7/7
  4106 | D:4      | Found a blossoming altar of Fedhas.
  4256 | D:5      | Entered Level 5 of the Dungeon
  4370 | D:5      | Reached skill level 1 in Crossbows
  4493 | D:5      | Found a staircase to the Ecumenical Temple.
  4559 | D:5      | Reached **** piety under Trog
  4772 | D:5      | Reached skill level 5 in Fighting
  4836 | D:5      | Found a runed door.
  4854 | D:5      | Found a runed door.
  5585 | D:5      | Upgraded the game from 0.19-b1-4-gd8a0a2a to 0.19-b1-5-gdc9fa9d
  5687 | D:6      | Reached XP level 9. HP: 88/88 MP: 8/8
  6390 | D:6      | Noticed Dowan
  6390 | D:6      | Noticed Eustachio
  6543 | D:6      | Killed Eustachio
  6641 | D:6      | Found a deep blue altar of Sif Muna.
  6671 | D:6      | Killed Dowan
  6672 | D:6      | Noticed Duvessa
  6968 | D:6      | Killed Duvessa
  7710 | D:7      | Reached ***** piety under Trog
  7826 | D:7      | Reached skill level 5 in Dodging
  7898 | D:7      | Found Odaup's Armour Emporium.
  7976 | D:7      | Got an ichor-stained war axe
  7977 | D:7      | Identified the +3 war axe of No More Talking {chop, MR+ Dex+2} (You found it on level 7 of the Dungeon)
  8003 | D:7      | Identified a scroll of acquirement
  8039 | D:7      | Noticed Menkaure
  8047 | D:7      | Killed Menkaure
  8047 | D:7      | Reached skill level 5 in Short Blades
  8319 | D:8      | Found a staircase to the Lair.
  8390 | D:8      | Reached skill level 1 in Stealth
  8453 | D:8      | Got a flickering iron ring
  8521 | D:8      | Reached XP level 10. HP: 77/95 MP: 9/9
  8689 | D:8      | Reached skill level 5 in Axes
  8748 | D:8      | Found a white marble altar of Elyvilon.
  8956 | D:8      | Found a bloodstained altar of Trog.
  8956 | D:8      | Found a sacrificial altar of Ru.
  9022 | D:8      | Reached skill level 6 in Fighting
  9292 | Lair:1   | Entered Level 1 of the Lair of Beasts
  9982 | D:9      | Received a gift from Trog
 10409 | D:9      | Found a snail-covered altar of Cheibriados.
 10658 | D:9      | Received a gift from Trog
 10844 | D:9      | Reached skill level 5 in Crossbows
 10868 | D:9      | Found a staircase to the Orcish Mines.
 11027 | Orc:1    | Entered Level 1 of the Orcish Mines
 11027 | Orc:1    | Found Yxoax's Gadget Boutique.
 11117 | Orc:1    | Noticed an orc knight
 11294 | D:9      | Received a gift from Trog
 11374 | D:9      | Found a burning altar of Makhleb.
 11469 | D:9      | Found an ancient bone altar of Kikubaaqudgha.
 11936 | D:9      | Killed an orc knight
 12044 | Orc:1    | Noticed an orc sorcerer
 12143 | D:9      | Killed an orc sorcerer
 12185 | Orc:1    | Bought a wand of confusion (18/48) for 150 gold pieces
 12185 | Orc:1    | Bought a wand of slowing (21/48) for 172 gold pieces
 12327 | Orc:1    | Reached XP level 11. HP: 43/107 MP: 10/10
 12707 | Orc:2    | Entered Level 2 of the Orcish Mines
 12768 | Orc:2    | Noticed a hand axe of freezing
 12791 | Orc:2    | Killed a hand axe of freezing
 12796 | Orc:2    | Noticed a deep troll
 12804 | Orc:1    | Reached skill level 7 in Fighting
 12976 | Orc:2    | Noticed a hill giant
 13031 | Orc:1    | Slain by a hill giant

Skill      XL: |  1  2  3  4  5  6  7  8  9 10 11 |
---------------+----------------------------------+-----
Axes           | 3 4 6 |  6.8
Fighting       | 3 4 5 6 7 |  7.0
Dodging        | 3 4 5 |  5.7
Slings         | 1 2 3 |  3.0
Throwing       | 1 |  1.9
Short Blades   | 2 3 5 |  5.0
Crossbows      | 2 4 5 6 |  6.0
Stealth        | 1 |  1.3

Action                   |  1- 3 |  4- 6 |  7- 9 | 10-12 || total
-------------------------+-------+-------+-------+-------++-------
Melee: Hand axe          |   133 |   200 |       |       ||   333
       Short sword       |       |    22 |   461 |       ||   483
       War axe           |       |       |    38 |   206 ||   244
 Fire: Hunting sling     |    41 |    37 |    24 |       ||   102
       Arbalest          |       |       |   152 |   150 ||   302
Throw: Stone             |       |    46 |       |     7 ||    53
       Throwing net      |       |       |     7 |       ||     7
Invok: Trog's Hand       |       |     3 |     4 |     7 ||    14
       Brothers in Arms  |       |       |       |     1 ||     1
Evoke: Wand              |       |       |       |     1 ||     1
  Use: Potion            |     3 |     4 |     3 |     3 ||    13
       Scroll            |     7 |     3 |     6 |     4 ||    20
 Stab: Sleeping          |     1 |       |       |       ||     1
       Held in net/web   |       |       |     1 |       ||     1
       Confused          |       |       |       |     1 ||     1
  Eat: Chunk             |    20 |    20 |    40 |    47 ||   127
       Beef jerky        |       |       |       |     2 ||     2
       Pizza             |       |       |       |     1 ||     1
Armor: Animal skin       |    65 |    81 |   207 |    43 ||   396
Dodge: Dodged            |    83 |   133 |   286 |   161 ||   663
